 Dungeon Crawl Stone Soup version 0.30-a0-469-g84de5afbc5 (webtiles) character file.

Game seed: 12591240600840363582

4 Juicyj the Sneak (level 1, 0/9 HPs)
             Began as a Spriggan Enchanter on Dec 19, 2022.
             Slain by a quokka (4 damage)
             ... on level 1 of the Dungeon.
             The game lasted 00:00:25 (102 turns).

Juicyj the Sneak (Spriggan Enchanter)                Turns: 102, Time: 00:00:26

Health: 0/9        AC:  2    Str:  4    XL:     1   Next: 58%
Magic:  5/5        EV: 17    Int: 16    God:
Gold:   5          SH:  0    Dex: 15    Spells: 5/5 levels left

rFire   . . .      SeeInvis +    a - +1 dagger
rCold   . . .      Faith    .    (no shield)
rNeg    . . .      Spirit   .    b - +0 robe
rPois   .          Reflect  .    (helmet restricted)
rElec   .          Harm     .    (no cloak)
rCorr   .          Rampage  .    (gloves unavailable)
Will    .....                    (boots unavailable)
Stlth   +++.......               e - amulet of magic regeneration
HPRegen 0.21/turn                (no ring)
MPRegen 0.49/turn                (no ring)

@: very quick
A: very small, no large weapons, unfitting armour, see invisible, speed 3
a: no special abilities


You were on level 1 of the Dungeon.
You visited 1 branch of the dungeon, and saw 1 of its levels.

You collected 5 gold pieces.

Inventory:

Hand Weapons
 a - a +1 dagger (weapon)
Armour
 b - a +0 robe (worn)
Jewellery
 e - an amulet of magic regeneration (around neck)
Potions
 c - 2 potions of invisibility
 d - a potion of might


   Skills:
 + Level 1.1 Short Blades
 + Level 2.7 Dodging
 + Level 4.6 Stealth
 + Level 2.7 Spellcasting
 + Level 3.8 Hexes


You had 5 spell levels left.
You didn't know any spells.
Your spell library contained the following spells:

 Spells                   Type           Power      Damage    Failure   Level
 Confusing Touch          Hex            14%        N/A       12%         3
 Tukima's Dance           Hex            14%        N/A       12%         3
 Ensorcelled Hibernation  Hex/Ice        16%        N/A       13%         2
 Dazzling Flash           Conj/Hex       16%        N/A       26%         3


Dungeon Overview and Level Annotations

Branches:
Dungeon (1/15)

Altars:


Innate Abilities, Weirdness & Mutations

You are very small and have problems with some larger weapons.
You are too small for most types of armour.
You have supernaturally acute eyesight. (SInv)
You cover ground extremely quickly. (Speed+++)


Message History

A kobold comes into view. It is wielding a +0 dagger.
Found a mace and 10 gold pieces.
Found a leather armour.
Found a stone staircase leading down.
A quokka comes into view.
Found a fizzy dark potion.
The kobold hits you with a +0 short sword.
The kobold shouts!
You hit the kobold.
The kobold is heavily wounded.
You hit the kobold.
You kill the kobold!
The kobold barely misses you.
Things that are here:
a +0 short sword; a kobold corpse You hit the kobold.
The kobold is severely wounded.
The kobold misses you.
You hit the kobold but do no damage.
The kobold is severely wounded.
The kobold barely misses you. The quokka misses you.
You hit the kobold.
You kill the kobold!
The quokka completely misses you.
You miss the quokka. The quokka barely misses you.
You barely miss the quokka. The quokka bites you.
You are too injured to fight recklessly!
You are too injured to fight recklessly!
You are too injured to fight recklessly!
You are too injured to fight recklessly!
You closely miss the quokka. The quokka bites you.
You hit the quokka.
The quokka is lightly wounded.
The quokka closely misses you.
You hit the quokka but do no damage.
The quokka is lightly wounded.
The quokka completely misses you.
You closely miss the quokka.
The quokka is lightly wounded.
The quokka bites you.
You die...

..........##
......!...8
....[.....#
...$......#
..........##
..........8#
.......)r.#
>..)..$@..#
..........##
..###.....8#
####..##
#.....#
#....#
#.....#
#.#..## ##
#.....#
#.#..8# .#
#.....#
#....## .#
#.....#
#....#


You could see a quokka.

Vanquished Creatures
  An endoplasm (D:1)
  A hobgoblin (D:1)
  2 kobolds (D:1)
4 creatures vanquished.

Notes
Turn   | Place    | Note
-------+----------+-------------------------------------------
     0 | D:1      | Juicyj the Spriggan Enchanter began the quest for the Orb.
     0 | D:1      | Reached XP level 1. HP: 9/9 MP: 5/5
   102 | D:1      | Slain by a quokka

Illustrated notes

Levels and vault maps discovered:
D:1:      minmay_arrival_checkered_box, layout_basic, serial_corexii_hall,
          corexii_hall_statues_i, corexii_hall_statues_deadend,
          chequers_hall_statues_wall_a, corexii_hall_statues_l, minivault_23

Action                   || total
-------------------------++-------
Melee: Dagger            ||    16
  Use: Scroll            ||     1
 Stab: Sleeping          ||     1
Dodge: Dodged            ||    10

Table legend: (Time is in decaauts)
 A = Elapsed time spent in this place.
 B = Non-inter-level travel time spent in this place.
 C = Inter-level travel time spent in this place.
 D = Time resting spent in this place.
 E = Time spent auto-exploring this place.
 F = Levels seen in this place.
 G = Mean time per level.
                   A        B        C        D        E       F      G
               +--------+--------+--------+--------+--------+-----+--------+
         Total |     77 |     77 |      0 |      0 |     44 |   1 |   77.0 |
       Dungeon |     77 |     77 |      0 |      0 |     44 |   1 |   77.0 |
               +--------+--------+--------+--------+--------+-----+--------+

Top non-repeatable levels by time:
     D:1: 77 daAuts
